 Dungeon Crawl Stone Soup version 0.31-a0-187-gba352fbbf7 (webtiles) character file.

Game seed: 17199736182927061225

686 qw the Skirmisher (level 7, -1/40 HPs)
             Began as a Deep Elf Hunter on June 22, 2023.
             Was an Initiate of Okawaru.
             Slain by a gnoll
             ... wielding a +0 spear
             ... led by a gnoll bouda
              (2 damage)
             ... on level 5 of the Dungeon.
             The game lasted 00:02:09 (3490 turns).

qw the Skirmisher (Deep Elf Hunter)                 Turns: 3490, Time: 00:02:09

Health: -1/40      AC:  9    Str:  9 (10) XL:     7   Next: 35%
Magic:  10/10      EV: 11    Int: 11 (14) God:    Okawaru [......]
Gold:   176        SH:  0    Dex: 17 (18) Spells: 6/6 levels left

rFire   . . .        Y - +0 shortbow
rCold   + . .        (shield currently unavailable)
rNeg    . . .        g - +1 ring mail {rC+}
rPois   .            (no helmet)
rElec   .            (no cloak)
rCorr   .            f - +0 pair of gloves
SInv    .            d - +1 pair of boots
Will    .....        (no amulet)
Stlth   +            (no ring)
HPRegen 0.26/turn    (no ring)
MPRegen 0.12/turn

%: no passive effects
@: no status effects
A: no striking features
a: Renounce Religion


You were on level 5 of the Dungeon.
You worshipped Okawaru.
Okawaru was noncommittal.
You visited 1 branch of the dungeon, and saw 5 of its levels.
You also visited: Ossuary.

You collected 176 gold pieces.


   Skills:
 - Level 2.1 Fighting
 + Level 10.6 Ranged Weapons
 - Level 1.3 Armour
 - Level 3.6 Dodging
 - Level 1.2 Stealth
 - Level 1.4 Invocations


You had 6 spell levels left.
You didn't know any spells.
Your spell library was empty.

Inventory:

Hand Weapons
 Y - a +0 shortbow (weapon)
Armour
 d - a +1 pair of boots (worn)
 f - a +0 pair of gloves (worn)
 g - a +1 ring mail of cold resistance (worn)
Scrolls
 a - 2 scrolls of identify
 k - 2 scrolls of enchant weapon {unknown}
Potions
 b - 2 potions of enlightenment
 c - a potion of haste
 e - a potion of resistance
 i - a potion of might
 j - a potion of curing

Dungeon Overview and Level Annotations

Branches:
Dungeon (5/15)            Ossuary (visited)
 Temple: D:4-7

Altars:
Cheibriados
Fedhas
Okawaru
Yredelemnul


Message History

You shoot an arrow. The arrow hits the black bear!
The black bear is almost dead.
Your surroundings suddenly seem different. 3 gnolls come into view.
A gnoll is wielding a +1 halberd of protection.
Found a whip.
The gnoll shouts! x2
You shoot an arrow. The gnoll shouts!
The arrow hits the gnoll!
The gnoll is severely wounded.
The gnoll throws a throwing net.
The throwing net hits you.
You become entangled in the net!
You struggle against the net.
You struggle against the net.
A jackal comes into view.
You rip the net and break free!
The jackal barks!
You hear a bark!
The gnoll hits you but does no damage. The gnoll closely misses you.
The gnoll barely misses you.
You hear an angry hiss.
You shoot an arrow.
The arrow hits the gnoll but does no damage.
The gnoll is severely wounded.
The gnoll hits you from afar with a +1 halberd of protection.
The gnoll closely misses you. x2
You shoot an arrow. The arrow hits the gnoll.
You kill the gnoll!
Okawaru accepts your kill. The gnoll closely misses you.
The gnoll completely misses you.
A jackal comes into view.
You shoot an arrow. The arrow closely misses the jackal.
The jackal bites you but does no damage.
The gnoll closely misses you. The gnoll hits you but does no damage.
You shoot an arrow. The arrow hits the jackal!
You kill the jackal!
Okawaru accepts your kill.
The gnoll hits you from afar with a +1 halberd of protection.
The gnoll hits you from afar with a +0 spear.
You die...

# # ##### . #
#.... .. #
#... ... #
##..##.#.. #
#.)g...... #
####.%.......
#
#....@.g....#
#........#..#
#)..........#
##.#..##.....
#.#... .....
# ##.# ##..
#.. . ###


You could see 2 gnolls.

Vanquished Creatures
  A black bear (D:5)
  A phantom (D:5)
  2 scorpions (D:4)
  A jelly (D:4)
  An orc priest (D:4)
  2 hounds (D:4)
  Jessica (D:2)
  2 iguanas
  2 mummies
  A gnoll (D:5)
  3 adders
  An ufetubus (D:2)
  2 dart slugs
  2 worms (D:2)
  7 orcs
  A spectral bat (Ossuary)
  5 ball pythons
  6 bats
  7 endoplasms
  5 giant cockroaches
  14 goblins
  7 hobgoblins
  5 jackals
  2 quokkas
  2 bat simulacra (Ossuary)
  3 frilled lizards
  12 gnoll zombies (Ossuary)
  3 goblin simulacra (Ossuary)
  5 goblin zombies (Ossuary)
  5 hobgoblin zombies
  9 kobolds
  3 kobold simulacra (Ossuary)
  4 kobold zombies (Ossuary)
  6 orc zombies (Ossuary)
  7 rats
  2 rat simulacra (Ossuary)
  3 spectral goblins (Ossuary)
  2 spectral kobolds (Ossuary)
  A spectral orc (D:4)
  A spectral rat (Ossuary)
149 creatures vanquished.

Notes
Turn   | Place    | Note
-------+----------+-------------------------------------------
     0 | D:1      | qw the Deep Elf Hunter began the quest for the Orb.
     0 | D:1      | Reached XP level 1. HP: 12/12 MP: 3/3
     0 | D:1      | 0 ||| qw: Version: 0.3-a-9-g12657ce
     0 | D:1      | 0 ||| qw: Game counter: 2587
     0 | D:1      | 0 ||| qw: Always use a shield: true
     0 | D:1      | 0 ||| qw: God list: Okawaru
     0 | D:1      | 0 ||| qw: Allow faded altars: false
     0 | D:1      | 0 ||| qw: Do Orc after D:15 true
     0 | D:1      | 0 ||| qw: Do second Lair branch before Depths: true
     0 | D:1      | 0 ||| qw: Lair rune preference: random
     0 | D:1      | 0 ||| qw: Plans: Normal
     0 | D:1      | 0 ||| PLANNING D:1-11
   138 | D:1      | Reached skill level 6 in Ranged Weapons
   138 | D:1      | Reached XP level 2. HP: 16/16 MP: 4/4
   478 | D:1      | Reached XP level 3. HP: 20/20 MP: 5/5
   739 | D:1      | 739 ||| UPGRADING to +0 pair of gloves.
   744 | D:1      | 744 ||| READING 2 scrolls labelled BALELL CALAFF.
   745 | D:1      | 745 ||| READING scroll labelled FEIF ZAOFENLOU.
   746 | D:1      | 746 ||| READING scroll labelled QIPLIDANIX.
   747 | D:1      | 747 ||| READING scroll labelled EKKUEG DICOPIS.
   748 | D:1      | 748 ||| DRINKING 2 viscous golden potions.
   749 | D:1      | 749 ||| DROPPING scroll of fear.
   750 | D:1      | 750 ||| DROPPING scroll of butterflies.
   752 | D:1      | 752 ||| Stepping ~*~*~tactically~*~*~ (cloud).
   756 | D:1      | HP: 5/20 [poisoned by you (poison gas)]
   922 | D:2      | Reached skill level 7 in Ranged Weapons
   922 | D:2      | 922 ||| FLEEEEING.
   923 | D:2      | 923 ||| FLEEEEING.
   924 | D:2      | 924 ||| FLEEEEING.
   925 | D:2      | 925 ||| FLEEEEING.
   926 | D:2      | 926 ||| FLEEEEING.
  1047 | D:2      | Noticed Jessica
  1049 | D:2      | Killed Jessica
  1050 | D:2      | Reached XP level 4. HP: 25/25 MP: 6/6
  1260 | D:2      | Reached skill level 8 in Ranged Weapons
  1374 | D:2      | Found a snail-covered altar of Cheibriados.
  1504 | D:2      | 1504 ||| UPGRADING to +1 pair of boots.
  1509 | D:2      | 1509 ||| UPGRADING to +0 ring mail.
  1519 | D:2      | 1519 ||| DROPPING +0 leather armour.
  1520 | D:2      | 1520 ||| READING 2 scrolls labelled HUOPAXTEKH.
  1524 | D:2      | 1524 ||| READING scroll labelled OROPPEXYPLABE.
  1525 | D:2      | 1525 ||| READING 3 scrolls labelled XUTUMO HUAME.
  1526 | D:2      | 1526 ||| READING 2 scrolls of identify.
  1526 | D:2      | 1526 ||| IDENTIFYING bubbling dark potion
  1527 | D:2      | 1527 ||| DROPPING 2 scrolls of noise.
  1654 | D:3      | Reached XP level 5. HP: 23/29 MP: 7/7
  1876 | D:3      | Found a blossoming altar of Fedhas.
  1930 | D:3      | Found an iron altar of Okawaru.
  1931 | D:3      | 1931 ||| PLANNING OKAWARU WORSHIP
  1932 | D:3      | 1932 ||| DRINKING 2 bubbling emerald potions.
  1933 | D:3      | 1933 ||| READING 6 scrolls of identify.
  1933 | D:3      | 1933 ||| IDENTIFYING golden potion
  1934 | D:3      | 1934 ||| READING 5 scrolls of identify.
  1934 | D:3      | 1934 ||| IDENTIFYING sapphire potion
  1935 | D:3      | 1935 ||| READING 4 scrolls of identify.
  1935 | D:3      | 1935 ||| IDENTIFYING glowing silvery potion
  1936 | D:3      | 1936 ||| DROPPING potion of magic.
  1937 | D:3      | 1937 ||| DROPPING potion of attraction.
  1945 | D:3      | Became a worshipper of Warmaster Okawaru
  1946 | D:3      | 1946 ||| PLANNING D:1-11
  2129 | D:3      | 2129 ||| READING scroll labelled NOGGOJ XEFERGHENT.
  2130 | D:3      | 2130 ||| READING 3 scrolls of identify.
  2130 | D:3      | 2130 ||| IDENTIFYING pink potion
  2144 | D:4      | 2144 ||| PLANNING OSSUARY
  2148 | D:4      | 2148 ||| STAIRDANCE
  2286 | D:4      | Reached skill level 9 in Ranged Weapons
  2393 | D:4      | Reached skill level 1 in Armour
  2393 | D:4      | Reached XP level 6. HP: 34/35 MP: 8/8
  2453 | D:4      | Found a sand-covered staircase.
  2466 | D:4      | 2466 ||| UPGRADING to +1 ring mail of cold resistance.
  2476 | D:4      | 2476 ||| DROPPING +0 ring mail.
  2480 | Ossuary  | Entered an ossuary
  2607 | Ossuary  | Reached * piety under Okawaru
  2879 | Ossuary  | 2879 ||| READING scroll labelled XUMAYFUSIGRY.
  2880 | Ossuary  | 2880 ||| DRINKING 2 metallic pink potions.
  2881 | Ossuary  | 2881 ||| READING 5 scrolls of identify.
  2881 | Ossuary  | 2881 ||| IDENTIFYING brown potion
  2882 | Ossuary  | 2882 ||| READING 4 scrolls of identify.
  2882 | Ossuary  | 2882 ||| IDENTIFYING grey potion
  2883 | Ossuary  | 2883 ||| READING 3 scrolls of identify.
  2883 | Ossuary  | 2883 ||| IDENTIFYING metallic orange potion
  2884 | Ossuary  | 2884 ||| DROPPING potion of lignification.
  2885 | Ossuary  | 2885 ||| DROPPING potion of degeneration.
  2886 | Ossuary  | 2886 ||| DROPPING potion of berserk rage.
  2911 | D:4      | 2911 ||| PLANNING D:1-11
  3015 | D:4      | 3015 ||| INVOKING Heroism.
  3082 | D:4      | 3082 ||| Stepping ~*~*~tactically~*~*~ (outnumbered).
  3087 | D:4      | 3087 ||| Stepping ~*~*~tactically~*~*~ (outnumbered).
  3100 | D:4      | Reached skill level 10 in Ranged Weapons
  3100 | D:4      | 3100 ||| INVOKING Heroism.
  3102 | D:4      | Reached skill level 1 in Invocations
  3105 | D:4      | HP: 6/35 [orc/+0 flail (6)]
  3106 | D:4      | 3106 ||| READING 2 scrolls of teleportation.
  3107 | D:4      | 3107 ||| DRINKING potion of heal wounds.
  3152 | D:4      | Found a basalt altar of Yredelemnul.
  3279 | D:5      | Entered Level 5 of the Dungeon
  3310 | D:5      | 3310 ||| INVOKING Heroism.
  3316 | D:5      | Reached XP level 7. HP: 27/40 MP: 7/10
  3456 | D:5      | 3456 ||| INVOKING Heroism.
  3471 | D:5      | Reached skill level 3 in Dodging
  3479 | D:5      | HP: 7/40 [black bear (7)]
  3480 | D:5      | 3480 ||| READING scroll of teleportation.
  3487 | D:5      | HP: 6/40 [gnoll/+1 halberd of protection[a gnoll bouda]
                  | (4)]
  3490 | D:5      | HP: 1/40 [gnoll/+1 halberd of protection[a gnoll bouda]
                  | (5)]
  3490 | D:5      | Slain by a gnoll

Levels and vault maps discovered:
D:1:      wheals_arrival_shading, layout_basic
D:2:      layout_basic, basic_altar, uniq_jessica
D:3:      layout_basic, lemuel_tele_altar, kennysheep_okawaru_gauntlet
D:4:      layout_rooms, yredelemnul_forgotten_temple_becter,
          nicolae_ossuary_entry_giza, minmay_misc_feat_x,
          corexii_leaking_fountain, grunt_ministairs_13, minmay_crossroads
D:5:      layout_loops_cross, trog_ov_bears_minmay, gammafunk_ghost_cemetery,
          uniq_crazy_yiuf_cottage

Skill      XL: |  1  2  3  4  5  6  7 |
---------------+----------------------+-----
Ranged Weapons | 6 7 8 9 10 | 10.6
Fighting       | 2 |  2.1
Armour         | 1 |  1.3
Invocations    | 1 |  1.4
Dodging        | 3 |  3.6
Stealth        | |  1.2

Action                     |  1- 3 |  4- 6 |  7- 9 || total
---------------------------+-------+-------+-------++-------
   Fire: Shortbow          |    85 |   374 |    40 ||   499
 Invoke: Heroism           |       |     3 |     1 ||     4
    Use: Scroll            |     4 |    14 |     1 ||    19
         Potion            |     1 |     3 |       ||     4
 Armour: Leather armour    |     3 |     5 |       ||     8
         Ring mail         |       |    87 |    32 ||   119
  Dodge: Dodged            |    17 |   126 |    34 ||   177

Table legend:
 A = Non-vault XP
 B = Vault XP
 C = Vault XP percentage of total XP
 D = Non-vault monster count
 E = Vault monster count
 F = Vault count percentage of total count
                 A         B        C        D         E       F
            +---------+---------+-------+---------+---------+-------
      Total |     641 |     341 |  34.7 |      90 |      59 |  39.6
            +---------+---------+-------+---------+---------+-------
        D:1 |      47 |       0 |   0.0 |      27 |       0 |   0.0
        D:2 |      95 |      37 |  28.0 |      21 |       1 |   4.5
        D:3 |      74 |       4 |   5.1 |      20 |       2 |   9.1
        D:4 |     280 |     106 |  27.5 |      16 |       7 |  30.4
        D:5 |     145 |     121 |  45.5 |       6 |       1 |  14.3
    Ossuary |       0 |      73 | 100.0 |       0 |      48 | 100.0
            +---------+---------+-------+---------+---------+-------
